AoeStats
← Taisst

MegaRandom

509731714Analyzed
4v4 RM · 6d ago on Sep 27, 2026· 24m 7s· 8 players
Game mode
Random Map
Map size
Large (8 player)
Population
200
Speed
Normal
Resources
Standard
Victory
Conquest
Starting age
Dark Age
Ending age
Imperial Age
RankedLock teamsTeams togetherTeam positionsShared explorationLock speedFull tech treeHidden civsTurbo modeCheats
Victory
Defeat
🇫🇷 Vikings · France
1669
+13
🇲🇦 Saracens · Morocco
1587
+16
🇫🇷 Persians · France
1526
+18
🇫🇷 Ethiopians · France
1418
+23
🇫🇮 Danes · Finland
1678
-21
🇫🇮 Ethiopians · Finland
1591
-18
🇫🇮 Spanish · Finland
1537
-16
🇫🇮 Hindustanis · Finland
1526
-15
The Get Sum
6:20 Loom
9:22 Feudal Age
12:59 Fletching
22:18 Castle Age
21:21 Padded Archer Armor
21:15 Gold Mining
21:27 Horse Collar
22:19 Crossbowman
24:12 Bodkin Arrow
Don JaMaL
6:15 Loom
8:34 Feudal Age
7:13 Loom
9:01 Double-Bit Axe
9:16 Horse Collar
15:43 Wheelbarrow
21:08 Castle Age
19:37 Gold Mining
20:01 Bloodlines
21:21 Scale Barding Armor
21:27 Forging
22:22 Bow Saw
22:35 Husbandry
21:55 Light Cavalry
24:32 Heavy Plow
Taisst
8:50 Feudal Age
10:21 Loom
13:15 Fletching
15:21 Double-Bit Axe
25:29 Castle Age
24:08 Gold Mining
24:00 Horse Collar
Skrillll
6:46 Loom
8:59 Feudal Age
9:33 Double-Bit Axe
14:31 Bloodlines
16:20 Scale Barding Armor
18:39 Forging
19:50 Horse Collar
Kaarlos
7:50 Loom
10:45 Feudal Age
14:29 Castle Age
12:19 Double-Bit Axe
Ee-meili
8:58 Feudal Age
7:14 Loom
10:02 Double-Bit Axe
16:57 Bloodlines
17:56 Scale Barding Armor
20:35 Forging
26:14 Castle Age
dodo
7:03 Loom
9:41 Feudal Age
11:36 Double-Bit Axe
11:55 Fletching
25:49 Castle Age
30Markus
5:07 Loom
9:31 Feudal Age
10:19 Double-Bit Axe
13:15 Horse Collar
20:15 Castle Age
18:30 Stone Mining
22:16 Bow Saw
23:15 Husbandry
23:25 Bloodlines
Connection lost

Rejoining the realm…

Still unreachable

The connection could not be restored.

Session expired

The server has moved on; the page needs a fresh start.